 Dungeon Crawl Stone Soup version 0.28-a0-494-ge2d2658822 (webtiles) character file.

Game seed: 2021350965331681374

32 gruber the Fighter (level 3, 38/38 HPs)
             Began as a Gnoll Wanderer on Sept 19, 2021.
             Was a High Priest of Ignis.
             Quit the game on level 1 of the Dungeon.
             The game lasted 00:01:35 (1530 turns).

gruber the Fighter (Gnoll Wanderer)                 Turns: 1530, Time: 00:01:35

Health: 38/38      AC:  2    Str:  9    XL:     3   Next: 27%
Magic:  4/4        EV: 12    Int: 12    God:    Ignis [*****.]
Gold:   45         SH:  0    Dex: 13    Spells: 3/3 levels left

rFire   + . .      SeeInvis .   a - +2 dagger
rCold   . . .      Faith    .   (no shield)
rNeg    . . .      Spirit   .   e - +0 robe
rPois   .          Reflect  .   (no helmet)
rElec   .          Harm     .   (no cloak)
rCorr   .          Rampage  .   (no gloves)
Will    .....                   (no boots)
Stlth   ++........              (no amulet)
HPRegen 0.12/turn               (no ring)
MPRegen 0.09/turn               (no ring)

@: no status effects
A: fangs 1, strong nose, distributed training
a: Renounce Religion, Sea of Fire, Foxfire Swarm, Rising Flame


You were on level 1 of the Dungeon.
You worshipped Ignis.
Ignis was extremely pleased with you.
You visited 1 branch of the dungeon, and saw 1 of its levels.

You collected 45 gold pieces.

Inventory:

Hand Weapons
 a - a +2 dagger (weapon)
 c - a +0 falchion
Armour
 e - a +0 robe (worn)
Scrolls
 b - a scroll of blinking
 d - 3 scrolls of teleportation
 h - 3 scrolls of immolation {unknown}
 i - a scroll of holy word {unknown}
 l - a scroll of identify {unknown}
Potions
 f - a potion of attraction {unknown}
 g - a potion of lignification {unknown}
 j - a potion of curing {unknown}
 k - a potion of might {unknown}
 m - a potion of invisibility {unknown}


   Skills:
 + Level 8.5 Fighting
 + Level 0.7 Short Blades
 + Level 4.5 Long Blades
 + Level 0.7 Axes
 + Level 0.7 Maces & Flails
 + Level 0.7 Polearms
 + Level 0.7 Staves
 + Level 0.7 Slings
 + Level 0.7 Bows
 + Level 0.7 Crossbows
 + Level 4.5 Throwing
 + Level 0.7 Armour
 + Level 2.6 Dodging
 + Level 2.3 Stealth
 + Level 0.7 Shields
 + Level 0.7 Unarmed Combat
 + Level 0.7 Spellcasting
 + Level 0.5 Conjurations
 + Level 0.5 Hexes
 + Level 0.5 Summonings
 + Level 0.5 Necromancy
 + Level 0.5 Translocations
 + Level 0.5 Transmutations
 + Level 0.5 Fire Magic
 + Level 0.5 Ice Magic
 + Level 0.5 Air Magic
 + Level 0.5 Earth Magic
 + Level 0.5 Poison Magic
 + Level 0.9 Invocations
 + Level 0.7 Evocations


You had 3 spell levels left.
You didn't know any spells.
Your spell library was empty.

Dungeon Overview and Level Annotations

Branches:
Dungeon (1/15)

Altars:
Ignis


Innate Abilities, Weirdness & Mutations

You have very sharp teeth.
Your uncanny sense of smell can sniff out nearby items.
Your experience applies equally to all skills.


Message History

You kill the rat!
No target in view!
No target in view!
No target in view!
No target in view!
No target in view!
Magic restored.
You see here a rat corpse.
There is an open door here.
There is an open door here.
A giant cockroach comes into view.
A giant cockroach is nearby!
A giant cockroach is nearby!
A giant cockroach is nearby!
You see here a fuming orange potion.
The helpless giant cockroach fails to defend itself.
You puncture the giant cockroach!
You kill the giant cockroach!
No target in view!
No target in view!
No target in view!
No target in view!
No target in view!
No target in view!
No target in view!
m - a fuming orange potion You see here a giant cockroach corpse.
Done exploring.
Done exploring.
Done exploring.
Done exploring.
Search for what [? for help]? .
There is a faded altar of an unknown god here.
You cannot tell which god this altar belongs to.
Convert to them anyway?
Okay, then.
You cannot tell which god this altar belongs to.
Convert to them anyway?
Ignis accepts your prayer! Ignis welcomes you!
Okay, then.
Are you sure you want to abandon this character and quit the game? (Confirm with "yes".)

## .#########
........8#########
..........##...#.#
........8..#..^.8#
........##...##.@#
........###.##^8##
.........########
.........##
'##.......################
>.+......................#
.##....#################.#
.##....####............#.#
............##..######.#.#


There were no monsters in sight!

Vanquished Creatures
  A dart slug (D:1)
  2 ball pythons (D:1)
  3 bats (D:1)
  3 endoplasms (D:1)
  2 giant cockroaches (D:1)
  4 goblins (D:1)
  4 hobgoblins (D:1)
  2 jackals (D:1)
  5 rats (D:1)
26 creatures vanquished.

Notes
Turn   | Place    | Note
-------+----------+-------------------------------------------
     0 | D:1      | gruber the Gnoll Wanderer began the quest for the Orb.
     0 | D:1      | gruber set off with the following items: a +2 dagger, a
                  | scroll of blinking, a +0 falchion, a scroll of
                  | teleportation, a +0 robe
     0 | D:1      | Reached XP level 1. HP: 26/26 MP: 1/1
   152 | D:1      | Reached XP level 2. HP: 25/33 MP: 2/2
   861 | D:1      | Reached XP level 3. HP: 35/38 MP: 3/3
  1165 | D:1      | Found a faded altar of an unknown god.
  1529 | D:1      | Became a worshipper of Ignis, the Dying Flame
  1530 | D:1      | Quit the game

Illustrated notes

Levels and vault maps discovered:
D:1:      minmay_arrival_radiant_lines, layout_basic,
          shapermc_ecumenical_altar_petra

Action                   || total
-------------------------++-------
Melee: Falchion          ||    11
       Dagger            ||    77
       Bite              ||     6
 Stab: Sleeping          ||     6
Armor: Robe              ||    17
Dodge: Dodged            ||    54

Table legend: (Time is in decaauts)
 A = Elapsed time spent in this place.
 B = Non-inter-level travel time spent in this place.
 C = Inter-level travel time spent in this place.
 D = Time resting spent in this place.
 E = Time spent auto-exploring this place.
 F = Levels seen in this place.
 G = Mean time per level.
                   A        B        C        D        E       F      G
               +--------+--------+--------+--------+--------+-----+--------+
         Total |   1528 |   1460 |     68 |      0 |   1250 |   1 | 1528.0 |
       Dungeon |   1528 |   1460 |     68 |      0 |   1250 |   1 | 1528.0 |
               +--------+--------+--------+--------+--------+-----+--------+

Top non-repeatable levels by time:
     D:1: 1528 daAuts
